 Dungeon Crawl Stone Soup version 0.22-a0-433-gd2a9cce0b5 (webtiles) character file.

161 Kriby the Grave Robber (level 5, -3/44 HPs)
             Began as a Deep Dwarf Necromancer on May 28, 2018.
             Killed by divine providence
             ... invoked by an orc priest
              (10 damage)
             ... on level 3 of the Dungeon.
             The game lasted 00:05:04 (2660 turns).

Kriby the Grave Robber (Deep Dwarf Necromancer)     Turns: 2660, Time: 00:05:05

Health: -3/44      AC:  5    Str: 12    XL:     5   Next: 18%
Magic:  1/9        EV: 11    Int: 16    God:
Gold:   47         SH:  0    Dex: 13    Spells: 4/9 levels left

rFire    . . .     SeeInvis .   d - +0 war axe
rCold    . . .     Gourm    .   (no shield)
rNeg     . . .     Faith    .   j - +0 ring mail
rPois    .         Spirit   .   (no helmet)
rElec    .         Reflect  .   (no cloak)
rCorr    .         Harm     .   (no gloves)
MR       .....                  (no boots)
Stlth    +.........             (no amulet)
HPRegen  0.00/turn              (no ring)
MPRegen  0.11/turn              (no ring)

@: very slightly contaminated, non-regenerating
A: damage resistance, heal wounds, sense surroundings 1, no regeneration
a: Heal Wounds


You were on level 3 of the Dungeon.
You were hungry.

You visited 1 branch of the dungeon, and saw 3 of its levels.

You collected 47 gold pieces.

Inventory:

Hand Weapons
 d - a +0 war axe (weapon)
Armour
 a - a +0 robe
 j - a +0 ring mail (worn)
Jewellery
 b - an uncursed ring of fire
 s - an uncursed ring of fire
Scrolls
 f - 4 scrolls of teleportation {@r3}
 q - a scroll of noise {unknown}
Potions
 g - a potion of lignification
 n - a potion of ambrosia {unknown}
 r - a potion of berserk rage {unknown}
Comestibles
 c - 6 rations {@e1}
 h - 3 chunks of flesh


   Skills:
 + Level 1.2 Fighting
 + Level 0.0 Axes
 + Level 1.9 Armour
 + Level 3.0 Dodging
 - Level 2.4 Stealth
 * Level 2.8 Spellcasting
 * Level 5.3 Necromancy


You had 4 spell levels left.
You knew the following spells:

 Your Spells              Type           Power        Failure   Level  Hunger
a - Pain                  Necr           ###.         4%          1    #......
d - Vampiric Draining     Necr           ###.......   14%         3    ###....
v - Animate Skeleton      Necr           N/A          4%          1    #......

Your spell library contained the following spells:

 Spells                   Type           Power        Failure   Level  Hunger
 Animate Dead             Necr           N/A          43%         4    #####..
 Regeneration             Chrm/Necr      ##........   38%         3    ###....


Dungeon Overview and Level Annotations

Branches:
Dungeon (3/15)

Altars:
Okawaru


Innate Abilities, Weirdness & Mutations

You are resistant to damage.
You can heal yourself by infusing magical energy.
You passively map a small area around you.
You do not regenerate.


Message History

The orc priest closely misses you.
You feel better. The orc priest hits you with a club.
Casting: Pain (safe; 4% risk of failure)
Confirm with . or Enter, or press ? or * to list all spells.
Aiming: Pain (safe; 4% risk of failure)
Press: ? - help, Shift-Dir - straight line, f/p - orc priest
Aim: an orc priest, wielding a club (heavily wounded, chance to defeat MR: 78%)
The orc priest writhes in agony!
The orc priest invokes the aid of Beogh against you.
Beogh smites you!
* * * LOW HITPOINT WARNING * * *
You are feeling hungry.
You closely miss the orc priest.
The orc priest is almost dead.
The orc priest misses you.
You barely miss the orc priest.
The orc priest is almost dead.
The orc priest calls down the wrath of Beogh upon you.
Beogh smites you!
You die...

*,,......>..........)))..........
*,,..........#.....###...........
,,,..........##....# #...........
**,.......#'###....# #...........
*,,.......#...##...# #.....).....
,,,.......##......## #.......Z..)
,,,..#####*#......<# #.#######..)
,,,.,* #.."...## #.# #.....
,,,,,* #....@.## #.# #...##
,,,,,* #.....o.# #.#####.รท.#
,,,,,*** #.....#.###.........#
,,,,,,,* #.....#..##.........#
,,,,,,,* #.....##.##.........#
,,,,,,,* ########.##..)......#*
,,,,,,,* *******#..#..........#
,,,,,,,* *,,,,,,##.#..........#
******** *,,,,,,##.#..........#


You could see an orc priest.

Vanquished Creatures
  2 orc wizards (D:3)
  3 adders
  2 dart slugs
  3 worms
  A leopard gecko (D:1)
  3 orcs (D:3)
  2 giant cockroaches
  10 goblins
  4 hobgoblins
  12 kobolds
  A ball python (D:3)
  7 bats
  5 frilled lizards
  7 rats
62 creatures vanquished.

Vanquished Creatures (collateral kills)
  An ooze (D:1)
  A goblin (D:3)
  A rat (D:1)
3 creatures vanquished.

Grand Total: 65 creatures vanquished

Notes
Turn   | Place    | Note
-------+----------+-------------------------------------------
     0 | D:1      | Kriby the Deep Dwarf Necromancer began the quest for the Orb.
     0 | D:1      | Reached XP level 1. HP: 15/15 MP: 3/3
     2 | D:1      | Learned a level 1 spell: Animate Skeleton
   256 | D:1      | Reached XP level 2. HP: 22/22 MP: 0/5
   832 | D:1      | Reached XP level 3. HP: 20/30 MP: 0/6
   833 | D:1      | Reached skill level 1 in Armour
  1847 | D:2      | Found an iron altar of Okawaru.
  2069 | D:2      | Reached XP level 4. HP: 20/37 MP: 0/7
  2292 | D:3      | Reached skill level 5 in Necromancy
  2460 | D:3      | Reached skill level 1 in Fighting
  2508 | D:3      | Reached XP level 5. HP: 12/44 MP: 2/9
  2645 | D:2      | Learned a level 3 spell: Vampiric Draining
  2648 | D:3      | HP: 2/44 [orc priest/divine providence (10)]
  2660 | D:3      | Killed from afar by an orc priest

Vault maps used:
D:1:      mainiacjoe_arrival_reflecting_pool
D:2:      lemuel_statue_altar
D:3:      first_ration

Skill      XL: |  1  2  3  4  5 |
---------------+----------------+-----
Spellcasting   | 2 |  2.8
Armour         | 1 |  1.9
Necromancy     | 5 |  5.3
Fighting       | 1 |  1.2
Dodging        | 3 |  3.0
Stealth        | |  2.4

Action                   |  1- 3 |  4- 6 || total
-------------------------+-------+-------++-------
Melee: Unarmed           |    17 |       ||    17
       Club              |    13 |    21 ||    34
       War axe           |       |     8 ||     8
 Cast: Pain              |    76 |    39 ||   115
       Animate Skeleton  |    14 |     5 ||    19
       Vampiric Draining |       |     1 ||     1
  Use: Scroll            |       |     6 ||     6
       Potion            |       |     5 ||     5
  Eat: Chunk             |     5 |     2 ||     7
Armor: Robe              |    11 |       ||    11
       Ring mail         |     3 |     8 ||    11
       Skin              |       |     3 ||     3
Dodge: Dodged            |    46 |    30 ||    76

Table legend:
 A = Spawn XP
 B = Non-spawn XP
 C = Spawn XP percentage of total XP
 D = Spawn monster count
 E = Non-spawn monster count
 F = Spawn count percentage of total count
 G = Total turns spent on level
                    A         B        C        D         E        F      G
               +---------+---------+-------+---------+---------+-------+---------
         Total |       0 |     230 |   0.0 |       0 |      65 |   0.0 |  2660
               +---------+---------+-------+---------+---------+-------+---------
           D:1 |       0 |      43 |   0.0 |       0 |      24 |   0.0 |  1161
           D:2 |       0 |      66 |   0.0 |       0 |      22 |   0.0 |  1033
           D:3 |       0 |     121 |   0.0 |       0 |      19 |   0.0 |   466
               +---------+---------+-------+---------+---------+-------+---------
